 Dungeon Crawl Stone Soup version 0.18.1-48-g4cf74bf (webtiles) character file.

4762 poirepourri the Ducker (level 10, 0/53 HPs)
             Began as a Gargoyle Fire Elementalist on July 5, 2016.
             Was a Follower of Vehumet.
             Killed from afar by Psyche (17 damage)
             ... with a puff of flame
             ... on level 8 of the Dungeon.
             The game lasted 00:24:34 (13173 turns).

poirepourri the Ducker (GrFE)                      Turns: 13173, Time: 00:24:36

Health: 0/53       AC: 12    Str: 12    XL:     10   Next: 47%
Magic:  5/20       EV: 15    Int: 19    God:    Vehumet [*.....]
Gold:   458        SH:  0    Dex: 10    Spells: 7 memorised, 4 levels left

rFire  . . .     SeeInvis .     c - +1 rapier
rCold  + . .     Gourm    .     a - +0 robe
rNeg   + . .     Faith    .     (no shield)
rPois  ∞         Spirit   .     (no helmet)
rElec  +         Dismiss  .     h - +1 cloak
rCorr  .         Reflect  .     (no gloves)
SustAt .         Harm     .     f - +0 pair of boots
MR     +....                    r - amulet of regeneration
Stlth  ++........               k - ring of protection from cold
                                p - ring of protection from magic

@: very slightly contaminated, invisible, somewhat resistant to hostile
enchantments, unstealthy
A: negative energy resistance 1, electricity resistance, unbreathing,
petrification resistance, rot immunity, AC +7
a: Renounce Religion


You were on level 8 of the Dungeon.
You worshipped Vehumet.
Vehumet was aware of your devotion.
You were not hungry.

You visited 2 branches of the dungeon, and saw 9 of its levels.

You collected 458 gold pieces.

Inventory:

Hand Weapons
 c - a +1 rapier (weapon)
 i - a +4 flail of draining
Missiles
 j - 7 javelins of returning (quivered)
Armour
 a - a +0 robe (worn)
 f - a +0 pair of boots (worn)
 h - a +1 cloak (worn)
Jewellery
 k - a ring of protection from cold (right hand)
 p - a ring of protection from magic (left hand)
 r - an amulet of regeneration (around neck)
Wands
 e - a wand of flame (2/48)
 n - a wand of iceblast (6/15)
Scrolls
 q - 2 scrolls of remove curse
 v - 2 scrolls of recharging
Potions
 m - a potion of flight
Books
 b - a book of Flames

   Spells                             Type                      Level
   a - Flame Tongue                   Conjuration/Fire             1
   b - Throw Flame                    Conjuration/Fire             2
   c - Conjure Flame                  Conjuration/Fire             3
   d - Inner Flame                    Hexes/Fire                   3
   e - Sticky Flame                   Conjuration/Fire             4
   f - Fireball                       Conjuration/Fire             5
 g - a book of Minor Magic

   Spells                             Type                      Level
   a - Magic Dart                     Conjuration                  1
   b - Blink                          Translocation                2
   c - Call Imp                       Summoning                    2
   d - Repel Missiles                 Charms/Air                   2
   e - Slow                           Hexes                        2
   f - Conjure Flame                  Conjuration/Fire             3
   g - Mephitic Cloud                 Conjuration/Poison/Air       3
Comestibles
 l - a bread ration
 t - 2 fruits


   Skills:
 - Level 1.6 Fighting
 - Level 2.1 Short Blades
 - Level 0.1 Throwing
 + Level 7.8 Dodging
 - Level 3.6 Stealth
 + Level 7.0 Spellcasting
 + Level 6.5 Conjurations
 + Level 6.7 Fire Magic
 - Level 1.1 Poison Magic
 - Level 0.3 Evocations


You had 4 spell levels left.
You knew the following spells:

 Your Spells              Type           Power        Failure   Level  Hunger
a - Flame Tongue          Conj/Fire      ####.        1%          1    None
b - Throw Flame           Conj/Fire      ####..       1%          2    None
c - Conjure Flame         Conj/Fire      ####....     1%          3    #......
d - Inner Flame           Hex/Fire       ###.....     10%         3    #......
e - Sticky Flame          Conj/Fire      ####....     10%         4    ###....
f - Fireball              Conj/Fire      ####......   21%         5    #####..
g - Sting                 Conj/Pois      ###.         1%          1    None


Dungeon Overview and Level Annotations

Branches:
Dungeon (8/15)             Temple (1/1) D:6
   Lair: D:8-11

Altars:
Ashenzari
Dithmenos
Elyvilon
Fedhas
Gozag
Kikubaaqudgha
Makhleb
Nemelex Xobeh
Okawaru
Pakellas
Qazlal
Ru
Sif Muna
Trog
Vehumet
Xom
Yredelemnul
Zin
The Shining One

Shops:
D:7 :

Annotations:
D:2 Grinder, Jessica
D:6 1 runed door
D:8 Psyche


Innate Abilities, Weirdness & Mutations

You are resistant to torment.
Your stone body is resilient (AC +7).
You are immune to poison.
You resist negative energy.
You are resistant to electric shocks.
You can survive without breathing.
You are immune to petrification.
You are immune to rotting.


Message History

You hit something but do no damage.
You hear some strange, mumbled words.
A puff of frost appears from out of thin air!
The puff of frost hits you! You resist. Something hits you but does no damage.
You miss something. Something hits you but does no damage.
You hear some strange, mumbled words.
A puff of flame appears from out of thin air!
The puff of flame misses you.
You miss something. Something hits you. Something burns you.
You hear some strange, mumbled words.
A puff of flame appears from out of thin air!
The puff of flame hits you!
You barely miss something.
You hear some strange, mumbled words.
A puff of flame appears from out of thin air!
The puff of flame hits you!
You hear some strange, mumbled words.
A puff of flame appears from out of thin air!
The puff of flame hits you!
You die...

######## ####
#......# ...##
#.####)# ###.##
#.####.###### # ##.##
###..#..........
##.###......#.#######
#..........#@#
##÷#####.))##{# #
##.## #.)###)# ###.##
#......# ...##
##.##### #.## ##'##
..# ##...## ####
##.....## ##.##
#.......#


There were no monsters in sight!

Vanquished Creatures
  An elephant (D:8)
  Prince Ribbit (D:5)
  A two-headed ogre (D:5)
  A spriggan (D:7)
  Eustachio (D:4)
  A yak (D:8)
  A hippogriff (D:8)
  A hungry ghost (D:7)
  Menkaure (D:4)
  A soldier ant (D:6)
  Edmund (D:5)
  A sky beast (D:5)
  2 black bears (D:6)
  An ice beast (D:7)
  A phantom (D:6)
  3 ogres
  3 centaurs
  A crocodile (D:8)
  2 giant frogs
  A water moccasin skeleton (D:5)
  3 scorpions
  3 killer bees (D:8)
  4 wights (D:7)
  A vampire bat (D:7)
  3 howler monkeys
  3 crimson imps
  A giant frog zombie (D:6)
  A jelly (D:6)
  A centaur zombie (D:7)
  2 orc priests
  6 hounds
  3 giant frog skeletons
  2 iguanas (D:5)
  14 worker ants
  2 orc wizards
  A sheep (D:8)
  A hound zombie (D:6)
  A worker ant zombie (D:8)
  3 gnolls (D:5)
  A howler monkey skeleton (D:6)
  10 adders
  An ooze (D:4)
  An adder zombie (D:6)
  3 adder skeletons
  2 worms
  A dart slug (D:5)
  3 giant geckos
  16 orcs
  6 giant cockroaches
  5 goblins
  7 hobgoblins
  7 jackals
  5 quokkas
  2 ball pythons
  13 bats
  4 giant newts
  A jackal skeleton (D:4)
  4 kobolds
  6 rats
179 creatures vanquished.

Vanquished Creatures (others)
  A killer bee (D:8)
1 creature vanquished.

Grand Total: 180 creatures vanquished

Notes
Turn   | Place    | Note
--------------------------------------------------------------
     0 | D:1      | poirepourri the Gargoyle Fire Elementalist began the quest for the Orb.
     0 | D:1      | Reached XP level 1. HP: 10/10 MP: 3/3
   326 | D:1      | Reached XP level 2. HP: 15/15 MP: 1/5
   507 | D:1      | Learned a level 2 spell: Throw Flame
  1305 | D:2      | Reached XP level 3. HP: 12/19 MP: 0/6
  1729 | D:2      | Found a sparkling altar of Nemelex Xobeh.
  1917 | D:2      | Learned a level 3 spell: Conjure Flame
  2392 | D:3      | Noticed Grinder
  2400 | D:3      | Noticed Jessica
  2405 | D:3      | Paralysed by Grinder for 4 turns
  2416 | D:2      | Paralysed by Grinder for 5 turns
  2479 | D:2      | Reached XP level 4. HP: 10/24 MP: 2/7
  3303 | D:4      | Noticed Eustachio
  3406 | D:4      | Killed Eustachio
  3406 | D:4      | Reached XP level 5. HP: 28/28 MP: 3/9
  3406 | D:4      | Reached XP level 6. HP: 32/32 MP: 3/10
  3682 | D:4      | Learned a level 3 spell: Inner Flame
  3923 | D:4      | Noticed Menkaure
  3932 | D:4      | Killed Menkaure
  3932 | D:4      | Reached XP level 7. HP: 36/36 MP: 8/11
  4657 | D:5      | Entered Level 5 of the Dungeon
  5650 | D:5      | Noticed a two-headed ogre
  5760 | D:5      | Killed a two-headed ogre
  5760 | D:5      | Reached skill level 5 in Dodging
  5760 | D:5      | Reached skill level 5 in Fire Magic
  5760 | D:5      | Reached XP level 8. HP: 34/41 MP: 5/14
  6077 | D:5      | Reached skill level 1 in Short Blades
  6609 | D:5      | Noticed Prince Ribbit
  6635 | D:5      | Killed Prince Ribbit
  6635 | D:5      | Reached skill level 1 in Fighting
  7772 | D:6      | Reached XP level 9. HP: 44/47 MP: 15/15
  8235 | D:6      | Noticed Edmund
  8255 | D:6      | Learned a level 4 spell: Sticky Flame
  8294 | D:5      | Killed Edmund
  8746 | D:6      | Found a runed door.
  8804 | D:6      | Found a runed door.
  8836 | D:6      | Found a staircase to the Ecumenical Temple.
  9050 | Temple   | Entered the Ecumenical Temple
  9208 | Temple   | Became a worshipper of Vehumet
  9269 | D:6      | Reached skill level 5 in Spellcasting
  9695 | D:7      | Found Adiguick's Book Shop.
  9704 | D:7      | Reached skill level 5 in Conjurations
  9867 | D:7      | Learned a level 5 spell: Fireball
 10668 | D:7      | Reached * piety under Vehumet
 10668 | D:7      | Offered knowledge of Sting by Vehumet.
 10668 | D:7      | Reached XP level 10. HP: 50/53 MP: 1/18
 10671 | D:7      | Learned a level 1 spell: Sting
 12312 | D:8      | Found an iron altar of Okawaru.
 12314 | D:8      | Found a shadowy altar of Dithmenos.
 12484 | D:8      | Found an opulent altar of Gozag.
 12505 | D:8      | Noticed an elephant
 12578 | D:8      | Killed an elephant
 12578 | D:8      | Reached skill level 1 in Poison Magic
 12891 | D:8      | Noticed Psyche
 13134 | D:8      | Offered knowledge of Sandblast by Vehumet.
 13173 | D:8      | Killed from afar by Psyche

Skill      XL: |  1  2  3  4  5  6  7  8  9 10 |
---------------+-------------------------------+-----
Dodging        | 2 3 4 5 6 7 |  7.8
Conjurations   | 2 3 4 6 |  6.5
Stealth        | 3 |  3.6
Spellcasting   | 3 4 5 7 |  7.0
Fire Magic     | 4 5 6 |  6.7
Short Blades   | 1 2 |  2.1
Fighting       | 1 |  1.6
Poison Magic   | 1 |  1.1
Throwing       | |  0.1
Evocations     | |  0.3

Action                   |  1- 3 |  4- 6 |  7- 9 | 10-12 || total
-------------------------+-------+-------+-------+-------++-------
Melee: Unarmed           |    18 |    46 |       |       ||    64
       Rapier            |       |       |   830 |   184 ||  1014
Throw: Javelin           |       |       |    14 |       ||    14
 Cast: Flame Tongue      |    47 |    32 |   165 |    67 ||   311
       Throw Flame       |    22 |    19 |   126 |    59 ||   226
       Conjure Flame     |       |       |     1 |       ||     1
       Sting             |       |       |       |    67 ||    67
Evoke: Wand              |       |       |     2 |     2 ||     4
  Use: Scroll            |     2 |     8 |     6 |     6 ||    22
       Potion            |       |     8 |     2 |     3 ||    13
  Eat: Bread ration      |     1 |       |     4 |     3 ||     8
       Fruit             |     1 |     3 |       |       ||     4
       Meat ration       |     1 |       |     1 |       ||     2
       Beef jerky        |       |       |     3 |       ||     3
       Royal jelly       |       |       |     1 |       ||     1
Armor: Robe              |    27 |    51 |   409 |   113 ||   600
       Skin              |       |       |    33 |       ||    33
Dodge: Dodged            |    49 |   105 |   673 |   173 ||  1000
